 Dungeon Crawl Stone Soup version 0.29.1-15-g9cfb28693d (webtiles) character file.

Game seed: 10273848897678706479

103 Sanktem7 the Trooper (level 4, -12/41 HPs)
             Began as a Minotaur Fighter on Feb 25, 2023.
             Killed by divine providence
             ... invoked by an orc priest
              (15 damage)
             ... on level 4 of the Dungeon.
             The game lasted 00:03:18 (1853 turns).

Sanktem7 the Trooper (Minotaur Fighter)             Turns: 1853, Time: 00:03:18

Health: -12/41     AC:  9    Str: 23    XL:     4   Next: 51%
Magic:  3/3        EV:  7    Int:  5    God:
Gold:   174        SH:  4    Dex:  9    Spells: 3/3 levels left

rFire   . . .      SeeInvis .   a - +0 war axe {axe}
rCold   . . .      Faith    .   c - +0 buckler
rNeg    . . .      Spirit   .   g - +0 chain mail
rPois   .          Reflect  .   (helmet restricted)
rElec   .          Harm     .   (no cloak)
rCorr   .          Rampage  .   (no gloves)
Will    .....                   (no boots)
Stlth   ..........              k - amulet of regeneration {@e2}
HPRegen 0.93/turn               (no ring)
MPRegen 0.08/turn               (no ring)

@: no status effects
A: horns 2, retaliatory headbutt
a: no special abilities


You were on level 4 of the Dungeon.
You visited 1 branch of the dungeon, and saw 4 of its levels.

You collected 174 gold pieces.


Innate Abilities, Weirdness & Mutations

You have a pair of horns on your head.
You reflexively headbutt those who attack you in melee.


   Skills:
 * Level 4.9 Fighting
 * Level 4.1 Axes
 + Level 4.3 Armour
 - Level 3.6 Shields


You had 3 spell levels left.
You didn't know any spells.
Your spell library contained the following spells:

 Spells                   Type           Power      Damage    Failure   Level
 Apportation              Tloc           0%         N/A       99%         1
 Necrotise                Necr           0%         1d4       99%         1
 Summon Small Mammal      Summ           0%         N/A       99%         1
 Sublimation of Blood     Necr           0%         N/A       100%        2
 Wereblood                Tmut           0%         N/A       100%        2
 Gell's Gravitas          Tloc           0%         N/A       100%        3
 Lesser Beckoning         Tloc           0%         N/A       100%        3
 Teleport Other           Tloc           0%         N/A       100%        3
 Vampiric Draining        Necr           0%         2d6       100%        3
 Agony                    Necr           0%         N/A       100%        5
 Summon Hydra             Summ           0%         N/A       100%        7

Inventory:

Hand Weapons
 a - a +0 war axe (weapon) {axe}
 q - a +1 hand axe of electrocution {axe}
   (You found it on level 3 of the Dungeon)
Missiles
 f - 16 stones (quivered) {throwing}
 n - 6 boomerangs {throwing}
Armour
 b - a +0 scale mail
 c - a +0 buckler (worn)
 g - a +0 chain mail (worn)
   (You found it on level 1 of the Dungeon)
Jewellery
 k - an amulet of regeneration (around neck) {@e2}
   (You found it on level 2 of the Dungeon)
Scrolls
 e - a scroll of fear {unknown}
 h - a scroll of immolation {!r!r}
 i - 7 scrolls of identify {unknown}
 j - a scroll of butterflies {unknown}
 p - 2 scrolls of teleportation {unknown}
 s - a scroll of noise {unknown}
Potions
 d - 2 potions of might
 l - 3 potions of curing {unknown}
 m - 2 potions of heal wounds {unknown}
 o - a potion of haste {unknown}
 r - a potion of degeneration {unknown}

Dungeon Overview and Level Annotations

Branches:
Dungeon (4/15) Zot: 22105
 Temple: D:4-7

Altars:
Cheibriados
Dithmenos
Nemelex Xobeh
Xom
The Shining One

Shops:
D:1

!:= ###############
....... #.............##
.....[. +...............
...)... #.............#.
......$ #.............#.
....... #.............#.
......o #.............#.
......o##.............#.
..$...†@..............##
######................##
#.?.>............##
#................##
#................##
##...............##
#....#############
#..... ..........
#...... ..........


You could see 2 orc priests.


Message History

Found a stone staircase leading up.
There is a stone staircase leading up here.
There is a stone staircase leading up here.
There is a stone staircase leading down here.
You pick up a book of Cantrips and begin reading...
You add the spells Summon Small Mammal and Apportation to your library.
You now have 174 gold pieces (gained 3).
Done exploring.
There is a stone staircase leading down here.
You climb downwards.
There is a stone staircase leading up here.
You open the door.
There is an open door here.
There is an open door here.
i - 5 scrolls labelled ZAMAERCHEDAL (gained 1)
m - 2 cyan potions (gained 1)
Found a stone staircase leading down.
Found a stone staircase leading up.
i - 6 scrolls labelled ZAMAERCHEDAL (gained 1)
Found an escape hatch in the floor.
No target in view!
No target in view!
No target in view!
No target in view!
No target in view!
i - 7 scrolls labelled ZAMAERCHEDAL (gained 1)
A hobgoblin, an orc and an orc priest come into view.
The hobgoblin shouts!
The orc shouts!
The orc priest shouts!
The orc priest mumbles some strange prayers to Beogh against you.
Beogh smites you!
The orc moves out of view.
You hear an angry hiss.
An orc priest comes into view. It is wielding a +0 flail. 😕 HP[-9]
You take 9 damage, and now have 32/41 hp.
MASSIVE DAMAGE!! (PAUSE)
The orc priest shouts!
An adder comes into view.
The orc priest begins to cast a cantrip, but forgets the words! 😕 HP[+1]
The orc priest barely misses you.
The hobgoblin closely misses you. 😕 HP[+1]
You barely miss the hobgoblin.
The orc priest hits you from afar with a +0 trident.
The hobgoblin hits you but does no damage.
You slash the hobgoblin!
You kill the hobgoblin!
The orc priest hits you but does no damage. 😕 HP[+1]
You hit the orc.
The orc priest casts a cantrip, but nothing happens.
The orc completely misses you. 😕 HP[+2]
You regained 2 hp, and now have 37/41 hp.
You hit the orc. You hit the adder.
The orc priest begins to cast a cantrip, but forgets the words!
The orc hits you with a +0 flail. The adder bites you.
The orc hits you with a +0 flail.
The orc priest hits you from afar with a +0 trident.
You are too injured to fight recklessly!
You are too injured to fight recklessly! 😮 HP[-11]
You take 11 damage, and now have 26/41 hp.
MASSIVE DAMAGE!! (PAUSE)
You barely miss the adder. You hit the orc.
You kill the orc!
The adder barely misses you.
The orc priest miscasts a cantrip.
The adder bites you but does no damage.
The orc priest hits you from afar with a +0 trident. 😮 HP[-2]
You take 2 damage, and now have 24/41 hp.
You slash the adder! The adder bites you. You block the orc priest's attack.
The adder bites you but does no damage.
The orc priest hits you from afar with a +0 trident.
The orc priest calls down the wrath of Beogh upon you.
Beogh smites you!
* * * LOW HITPOINT WARNING * * *
😨 HP[-13]
You take 13 damage, and now have 11/41 hp.
MASSIVE DAMAGE!! (PAUSE)
You slash the orc priest! You miss the adder.
The adder bites you but does no damage. You block the orc priest's attack.
The orc priest hits you but does no damage.
The adder bites you but does no damage. 😨 HP[+1]
You hit the orc priest. You hit the adder.
You kill the adder!
The orc priest invokes the aid of Beogh against you.
Beogh smites you!
* * * LOW HITPOINT WARNING * * *
The orc priest closely misses you. 😱 HP[-10]
You take 10 damage, and now have 2/41 hp.
MASSIVE DAMAGE!! (PAUSE)
You completely miss the orc priest. Your headbutt misses the orc priest.
The orc priest barely misses you.
The orc priest hits you but does no damage.
The orc priest calls down the wrath of Beogh upon you.
Beogh smites you!
You die...

Skill      XL: |  1  2  3  4 |
---------------+-------------+-----
Fighting       | 4 |  4.9
Axes           | 3 4 |  4.1
Armour         | 4 |  4.3
Shields        | |  3.6

Action                   |  1- 3 |  4- 6 || total
-------------------------+-------+-------++-------
Melee: War axe           |    94 |    16 ||   110
       Headbutt          |    16 |     1 ||    17
Armor: Scale mail        |    17 |       ||    17
       Chain mail        |    30 |    12 ||    42
Dodge: Dodged            |    43 |     8 ||    51
Block: Buckler           |    26 |     2 ||    28

Levels and vault maps discovered:
D:1:      onia_arrival_zoo_common, layout_rooms,
          hellmonk_ecumenical_altar_blasted, serial_shops, shop, shop,
          nicolae_shop_behind_doors, minmay_split_cup_small
D:2:      layout_basic, basic_altar, minmay_diced_spiral
D:3:      layout_rooms, mainiacjoe_overflow_chevrons,
          grunt_temple_overflow_open, minmay_ruptured
D:4:      layout_basic, minmay_temple_entry_stoned_glass, serial_shops,
          nicolae_shop_stone

Notes
Turn   | Place    | Note
-------+----------+-------------------------------------------
     0 | D:1      | Sanktem7 the Minotaur Fighter began the quest for the Orb.
     0 | D:1      | Reached XP level 1. HP: 19/19 MP: 0/0
     0 | D:1      | magus.rc [v1.9.6]
     6 | D:1      | Noticed a polar bear
     6 | D:1      | Noticed an eight-headed hydra
     7 | D:1      | Noticed a scorpion
     7 | D:1      | Noticed a snapping turtle
   134 | D:1      | Reached XP level 2. HP: 24/27 MP: 1/1
   161 | D:1      | You pick up a book of Necromancy and begin reading...
   161 | D:1      | You add the spells Necrotise, Vampiric Draining and Agony
                  | to your library.
   172 | D:1      | Found Utodah's Jewellery Shoppe.
   208 | D:1      | Reached skill level 4 in Fighting
   257 | D:1      | Reached skill level 3 in Axes
   334 | D:1      | Found Usiturph's Book Shop.
   338 | D:1      | Found Hiruamuch's Distillery.
   430 | D:1      | Found a faded altar of an unknown god.
   765 | D:2      | Reached XP level 3. HP: 31/33 MP: 2/2
   787 | D:2      | Reached skill level 4 in Armour
  1065 | D:2      | You pick up a book of Blood and begin reading...
  1065 | D:2      | You add the spells Sublimation of Blood, Wereblood and
                  | Summon Hydra to your library.
  1085 | D:2      | Found a shadowy altar of Dithmenos.
  1412 | D:3      | Found a glowing golden altar of the Shining One.
  1448 | D:3      | Found a sparkling altar of Nemelex Xobeh.
  1448 | D:3      | Found a shimmering altar of Xom.
  1455 | D:3      | Reached XP level 4. HP: 39/41 MP: 3/3
  1458 | D:3      | Found a shadowy altar of Dithmenos.
  1458 | D:3      | Found a snail-covered altar of Cheibriados.
  1467 | D:3      | You pick up a book of Displacement and begin reading...
  1467 | D:3      | You add the spells Lesser Beckoning, Gell's Gravitas and
                  | Teleport Other to your library.
  1477 | D:3      | Reached skill level 4 in Axes
  1703 | D:3      | You pick up a book of Cantrips and begin reading...
  1703 | D:3      | You add the spells Summon Small Mammal and Apportation to
                  | your library.
  1852 | D:4      | HP: 2/41 [orc priest/divine providence (11)]
  1853 | D:4      | Killed from afar by an orc priest

Vanquished Creatures
  4 adders
  2 worms
  A dart slug (D:1)
  An orc (D:4)
  7 bats
  5 endoplasms
  A giant cockroach (D:2)
  4 goblins
  4 hobgoblins
  5 kobolds
  4 quokkas
  11 ball pythons
  3 frilled lizards (D:1)
  4 rats
56 creatures vanquished.

Table legend:
 A = Non-vault XP
 B = Vault XP
 C = Vault XP percentage of total XP
 D = Non-vault monster count
 E = Vault monster count
 F = Vault count percentage of total count
                 A         B        C        D         E       F
            +---------+---------+-------+---------+---------+-------
      Total |     121 |      27 |  18.2 |      47 |       9 |  16.1
            +---------+---------+-------+---------+---------+-------
        D:1 |      32 |       5 |  13.5 |      21 |       3 |  12.5
        D:2 |      34 |       5 |  12.8 |      18 |       3 |  14.3
        D:3 |      36 |      17 |  32.1 |       5 |       3 |  37.5
        D:4 |      19 |       0 |   0.0 |       3 |       0 |   0.0
            +---------+---------+-------+---------+---------+-------

Illustrated notes

Table legend:
 A = Kills in this place as a percentage of kills in entire the game.
 B = Kills by you in this place as a percentage of kills by you in the entire game.
 C = Kills by friends in this place as a percentage of kills by friends in the entire game.
 D = Other kills in this place as a percentage of other kills in the entire game.
 E = Experience gained in this place as a percentage of experience gained in the entire game.
 F = Experience gained in this place divided by the number of levels of this place that you have seen.
                   A       B       C       D       E      F
               +-------+-------+-------+-------+-------+----------------------
         Total | 100.0 | 100.0 |   N/A |   N/A | 100.0 |  37.0
       Dungeon | 100.0 | 100.0 |   N/A |   N/A | 100.0 |  37.0
               +-------+-------+-------+-------+-------+----------------------

Table legend: (Time is in decaauts)
 A = Elapsed time spent in this place.
 B = Non-inter-level travel time spent in this place.
 C = Inter-level travel time spent in this place.
 D = Time resting spent in this place.
 E = Time spent auto-exploring this place.
 F = Levels seen in this place.
 G = Mean time per level.
                   A        B        C        D        E       F      G
               +--------+--------+--------+--------+--------+-----+--------+
         Total |   1893 |   1831 |     62 |      0 |   1501 |   4 |  473.2 |
       Dungeon |   1893 |   1831 |     62 |      0 |   1501 |   4 |  473.2 |
               +--------+--------+--------+--------+--------+-----+--------+

Top non-repeatable levels by time:
     D:1: 746 daAuts
     D:3: 520 daAuts
     D:2: 496 daAuts
     D:4: 129 daAuts
